AoeStats
← PABLICRAFT07

Fortress

508771598Analyzed
4v4 RM · 9d ago on Sep 24, 2026· 71m 55s· 8 players
Game mode
Random Map
Map size
Huge
Population
200
Speed
Normal
Resources
Standard
Victory
Conquest
Starting age
Dark Age
Ending age
Imperial Age
RankedLock teamsTeams togetherTeam positionsShared explorationLock speedFull tech treeHidden civsTurbo modeCheats
Victory
Defeat
🇵🇱 Persians · Poland
785
+18
🇺🇸 Bohemians · United States
736
+20
🇨🇳 Franks · China
702
+21
🇲🇽 Koreans · Mexico
684
+21
🇲🇽 Persians · Mexico
876
-22
🇨🇱 Lithuanians · Chile
821
-42
🇨🇦 Malians · Canada
793
-19
🇨🇱 Franks · Chile
780
-19
pipe4ndres
7:16 Feudal Age
7:49 Double-Bit Axe
9:56 Horse Collar
13:43 Castle Age
11:30 Loom
12:56 Man-at-Arms
14:06 Scale Mail Armor
14:19 Forging
14:05 Long Swordsman
16:41 Town Watch
19:37 Wheelbarrow
21:40 Gold Mining
21:46 Stone Mining
23:17 Squires
23:59 Iron Casting
25:18 Arson
25:58 Hand Cart
26:32 Chain Mail Armor
31:52 Imperial Age
30:04 Scale Barding Armor
30:22 Masonry
31:05 Bloodlines
32:09 Chain Barding Armor
32:08 Heavy Camel Rider
33:31 Farimba
34:22 Bow Saw
36:03 Plate Barding Armor
36:54 Conscription
39:53 Two-Handed Swordsman
41:40 Gold Shaft Mining
41:23 Fortified Wall
42:38 Heavy Plow
42:41 Champion
44:36 Husbandry
47:25 Plate Mail Armor
48:00 Fletching
49:06 Caravan
53:10 Hoardings
53:14 Architecture
53:22 Bodkin Arrow
57:16 Coinage
66:00 Padded Archer Armor
66:28 Ballistics
67:08 Chemistry
67:01 Banking
67:46 Elite Skirmisher
68:33 Thumb Ring
ig._1234321
8:46 Feudal Age
7:02 Loom
14:51 Castle Age
19:32 Stone Mining
20:26 Wheelbarrow
25:48 Imperial Age
23:08 Town Watch
23:38 Forging
31:26 Hand Cart
31:12 Town Patrol
32:20 Murder Holes
32:36 Fortified Wall
34:12 Husbandry
33:33 Cavalier
34:52 Iron Casting
34:23 Scale Barding Armor
34:22 Elite Throwing Axeman
35:23 Chivalry
38:04 Blast Furnace
37:53 Elite Throwing Axeman
42:00 Chemistry
43:44 Paladin
46:48 Ballistics
46:40 Masonry
46:54 Chain Barding Armor
49:13 Plate Barding Armor
53:10 Ordonnance Companies
64:22 Caravan
67:19 Hoardings
Tentramitrozo 100 mg
1:23 Loom
6:19 Feudal Age
14:30 Castle Age
13:40 Double-Bit Axe
13:37 Horse Collar
15:51 Gold Mining
24:00 Pikeman
34:37 Imperial Age
32:53 Forging
32:49 Scale Barding Armor
32:39 Fletching
34:59 Cavalier
35:40 Husbandry
35:51 Bloodlines
35:01 Heavy Camel Rider
36:01 Citadels
36:12 Conscription
37:28 Bow Saw
41:37 Wheelbarrow
40:49 Town Watch
41:28 Chain Barding Armor
41:44 Iron Casting
41:54 Gold Shaft Mining
41:10 Stone Mining
48:28 Plate Barding Armor
48:55 Blast Furnace
48:56 Elite Skirmisher
50:11 Onager
51:55 Scale Mail Armor
51:55 Padded Archer Armor
53:03 Elite War Elephant
58:08 Chain Mail Armor
58:10 Leather Archer Armor
57:50 Bodkin Arrow
59:28 Kamandaran
59:30 Crossbowman
60:15 Thumb Ring
60:50 Ring Archer Armor
66:31 Heavy Scorpion
66:32 Capped Ram
68:07 Stone Shaft Mining
68:45 Chemistry
68:06 Ballistics
67:41 Murder Holes
PABLICRAFT07
SkaZaNy1906
2:31 Loom
9:50 Feudal Age
10:41 Double-Bit Axe
10:39 Horse Collar
12:59 Wheelbarrow
15:45 Castle Age
15:14 Scale Mail Armor
14:36 Man-at-Arms
16:03 Gold Mining
16:06 Stone Mining
18:39 Ballistics
19:07 Squires
20:20 Long Swordsman
22:52 Town Watch
27:12 Imperial Age
26:52 Gambesons
28:03 Conscription
27:15 Crossbowman
31:40 Kamandaran
31:50 Fletching
33:48 Bow Saw
34:35 Bodkin Arrow
36:18 Chemistry
37:38 Hand Cart
37:42 Bloodlines
39:54 Two-Man Saw
40:19 Husbandry
41:13 Murder Holes
42:09 Elite War Elephant
44:22 Gold Shaft Mining
44:48 Pikeman
45:14 Arson
45:48 Chain Mail Armor
45:33 Padded Archer Armor
46:55 Halberdier
48:06 Plate Mail Armor
48:44 Leather Archer Armor
50:40 Thumb Ring
51:10 Citadels
51:45 Stone Shaft Mining
51:24 Town Patrol
51:26 Heavy Plow
52:23 Scale Barding Armor
52:45 Forging
57:56 Crop Rotation
59:10 Caravan
72:40 Ring Archer Armor
72:47 Iron Casting
72:33 Chain Barding Armor
72:27 Masonry
RESIST
2:59 Loom
7:53 Feudal Age
9:40 Wheelbarrow
8:53 Double-Bit Axe
14:17 Castle Age
15:30 Bow Saw
15:03 Horse Collar
18:06 Heavy Plow
25:14 Hand Cart
27:33 Imperial Age
26:47 Pikeman
27:28 Squires
27:14 Arson
27:49 Town Watch
28:45 Conscription
29:03 Town Patrol
30:11 Chemistry
29:34 Ballistics
31:16 Halberdier
32:12 Forging
31:53 Fletching
32:03 Padded Archer Armor
32:04 Scale Mail Armor
34:29 Iron Casting
33:50 Bodkin Arrow
34:01 Caravan
35:27 Houfnice
37:14 Blast Furnace
36:30 Chain Mail Armor
36:58 Leather Archer Armor
38:23 Ring Archer Armor
37:54 Bracer
39:35 Wagenburg Tactics
43:30 Two-Man Saw
50:26 Murder Holes
50:42 Fortified Wall
50:44 Masonry
50:40 Siege Engineers
50:27 Guard Tower
51:55 Elite Hussite Wagon
52:41 Hussite Reforms
inquicidor123
1:17 Loom
9:57 Feudal Age
10:21 Man-at-Arms
10:59 Double-Bit Axe
11:03 Horse Collar
12:26 Fletching
13:02 Arson
17:04 Castle Age
16:21 Scale Barding Armor
24:06 Husbandry
25:14 Gold Mining
25:21 Stone Mining
28:15 Bodkin Arrow
35:35 Imperial Age
33:40 Ballistics
35:02 Bow Saw
37:36 Chemistry
39:27 Bracer
39:51 Shinkichon
42:48 Eupseong
43:50 Elite Fire Lancer
45:43 Long Swordsman
47:26 Two-Handed Swordsman
47:30 Pikeman
48:14 Squires
50:50 Heavy Rocket Cart
52:06 Forging
51:56 Scale Mail Armor
52:17 Chain Barding Armor
54:44 Halberdier
62:48 Two-Man Saw
715113342
Connection lost

Rejoining the realm…

Still unreachable

The connection could not be restored.

Session expired

The server has moved on; the page needs a fresh start.